 Dungeon Crawl Stone Soup version 0.21.1-1-g345015fe64 (webtiles) character file.

3891 Ivernyr the Protected (level 10, 60/77 HPs)
             Began as a Demonspawn Skald on Apr 26, 2018.
             Was a Follower of Nemelex Xobeh.
             Quit the game on level 8 of the Dungeon on Apr 27, 2018.
             The game lasted 01:23:10 (13760 turns).

Ivernyr the Protected (Demonspawn Skald)           Turns: 13760, Time: 01:23:11

Health: 60/77      AC:  9    Str: 11    XL:     10   Next: 0%
Magic:  10/15      EV: 17    Int: 16    God:    Nemelex Xobeh [*.....]
Gold:   382        SH:  0    Dex: 15    Spells: 9/13 levels left

rFire    + + .     SeeInvis .   a - +0 falchion
rCold    + . .     Gourm    .   (no shield)
rNeg     . . .     Faith    .   D - +2 leather armour {rPois}
rPois    +         Spirit   .   (helmet restricted)
rElec    .         Reflect  .   y - scarf {rC+ rF+}
rCorr    .         Harm     .   (no gloves)
MR       .....                  B - +0 pair of boots
Stlth    ++........             (no amulet)
HPRegen  0.22/turn              m - ring of wizardry
MPRegen  0.14/turn              s - +5 ring of evasion

@: shrouded, very slightly contaminated
A: horns 1, icy blue scales 1, fire resistance 1, nightstalker 1, flame cloud
immunity
a: Renounce Religion


You were on level 8 of the Dungeon.
You worshipped Nemelex Xobeh.
Nemelex Xobeh was aware of your devotion.
You were hungry.

You visited 2 branches of the dungeon, and saw 9 of its levels.
You also visited: Ossuary.

You collected 382 gold pieces.

Inventory:

Hand Weapons
 a - a +0 falchion (weapon)
Armour
 l - a +0 pair of boots
 y - a scarf of resistance (worn)
 z - a +0 shield
 B - a +0 pair of boots (worn)
 D - a +2 leather armour of poison resistance (worn)
Jewellery
 m - a ring of wizardry (left hand)
 s - a +5 ring of evasion (right hand)
 A - an uncursed ring of poison resistance
Wands
 t - a wand of flame (33)
Scrolls
 d - a scroll of blinking {unknown}
 e - a scroll of fog
 f - 5 scrolls of teleportation
 h - 2 scrolls of identify
 j - 4 scrolls of amnesia
 n - 2 scrolls of noise
 p - 3 scrolls of remove curse
 q - 9 scrolls of enchant armour
 u - 2 scrolls of magic mapping
Potions
 b - 3 potions of lignification {unknown}
 g - 2 potions of degeneration {unknown}
 i - 2 potions of berserk rage {unknown}
 k - 5 potions of curing
 o - 2 potions of mutation {unknown}
 r - a potion of resistance {unknown}
 v - a potion of invisibility {unknown}
 w - a potion of haste
Books
 c - a book of Battle

   Spells                             Type                      Level
   a - Infusion                       Charms                       1
   b - Shroud of Golubria             Charms/Translocation         2
   c - Song of Slaying                Charms                       2
   d - Spectral Weapon                Hexes/Charms                 3
   e - Regeneration                   Charms/Necromancy            3
Miscellaneous
 C - a plain deck of summoning {drawn: 3}
Comestibles
 x - a ration
 E - 6 chunks of flesh


   Skills:
 + Level 6.7 Fighting
 - Level 3.6 Long Blades
 * Level 8.4 Armour
 - Level 1.7 Dodging
 - Level 2.0 Spellcasting
 + Level 6.4 Charms
 + Level 6.9 Invocations


You had 9 spell levels left.
You knew the following spells:

 Your Spells              Type           Power        Failure   Level  Hunger
a - Shroud of Golubria    Chrm/Tloc      ##........   4%          2    ###....
b - Song of Slaying       Chrm           ###.....     1%          2    ###....


Dungeon Overview and Level Annotations

Branches:
Dungeon (8/15)             Temple (1/1) D:5
   Lair: D:8-11

Altars:
Ashenzari
Cheibriados
Dithmenos
Elyvilon
Fedhas
Gozag
Hepliaklqana
Kikubaaqudgha
Makhleb
Nemelex Xobeh
Okawaru
Qazlal
Ru
Sif Muna
Trog
Uskayaw
Vehumet
Wu Jian
Xom
Yredelemnul
Zin
The Shining One

Shops:
D:7 *


Innate Abilities, Weirdness & Mutations

You have a pair of small horns on your head.
You are partially covered in icy blue scales. (AC +2)
Your flesh is heat resistant. (rF+)
You are slightly more attuned to the shadows.
You are immune to clouds of flame.


Message History

The adder barely misses your hell hound.
Your hell hound bites the two-headed ogre.
The two-headed ogre misses your hell hound. x2
The adder barely misses your hell hound.
Your orange demon stings the two-headed ogre!
The two-headed ogre looks as sick as possible!
Your orange demon poisons the two-headed ogre!
Your orange demon barely misses the two-headed ogre.
You barely miss the two-headed ogre.
Your headbutt misses the two-headed ogre.
The two-headed ogre is almost dead.
Your hell hound bites the two-headed ogre.
The two-headed ogre dies!
You have reached level 10!
Your demonic ancestry asserts itself...
You slip into the darkness of the dungeon.
The adder barely misses your hell hound.
Your hell hound bites the adder.
Your orange demon closely misses the adder.
Are you sure you want to abandon this character and quit the game? (Confirm with "yes".)

#.................#
#.....#...##.....##
#................#
#.........##.....#
####.....#...##...).#####..
...........................
.........####.)....######..
.###.#...# #......#
.###.#...# #...@4.#
.........# #...h).#
.....#...# #....S.#
.######### #......#
......... .........
........# ##########.
........# .. ........# ..
........#


You could see an adder, a friendly orange demon and a friendly hell hound.

Vanquished Creatures
  Sigmund (D:4)
  Edmund (D:6)
  A water moccasin (D:6)
  Duvessa (D:4)
  3 ice beasts
  A phantom (D:6)
  3 ogres
  4 elf zombies (Ossuary)
  4 bullfrogs
  Dowan (D:4)
  3 wights
  A centaur zombie (Ossuary)
  A hound (D:8)
  3 orc priests
  2 human zombies (Ossuary)
  3 jellies
  7 orc wizards
  Natasha (thrice) (D:4 D:3)
  An iguana (D:5)
  4 worker ants
  A big kobold zombie (Ossuary)
  A hound zombie (D:5)
  2 mummies (Ossuary)
  Robin (D:4)
  A howler monkey zombie (D:8)
  6 gnolls
  A howler monkey skeleton (D:4)
  10 adders
  3 shadow imps
  An ooze (D:1)
  2 adder skeletons (D:4)
  3 adder zombies
  A worm (D:5)
  A dart slug (D:4)
  A leopard gecko (D:4)
  20 orcs
  2 ball pythons (D:2)
  3 giant cockroaches
  13 goblins
  4 hobgoblins
  3 jackals (D:3)
  6 kobolds
  4 quokkas
  8 bats
  3 frilled lizards
  A goblin zombie (D:7)
  5 hobgoblin zombies (Ossuary)
  A jackal zombie (Ossuary)
  14 kobold zombies (Ossuary)
  7 orc zombies (Ossuary)
  2 quokka skeletons
  3 quokka zombies
  4 rats
186 creatures vanquished.

Vanquished Creatures (collateral kills)
  A two-headed ogre (D:8)
  A troll (D:8)
  The ghost of Ivernyr the Charmwright, an amateur DsSk (D:4)
  The ghost of Ge0ff the Skirmisher, an amateur GrNe (D:3)
  2 vampire mosquitoes (D:7)
  2 ogres
  3 wights
  A worker ant (D:5)
  A quokka (D:7)
13 creatures vanquished.

Vanquished Creatures (others)
  A human (D:6)
1 creature vanquished.

Grand Total: 200 creatures vanquished

Notes
Turn   | Place    | Note
-------+----------+-------------------------------------------
     0 | D:1      | Ivernyr the Demonspawn Skald began the quest for the Orb.
     0 | D:1      | Reached XP level 1. HP: 16/16 MP: 3/3
    22 | D:1      | Reached skill level 1 in Armour
   274 | D:1      | Gained mutation: Your flesh is heat resistant. (rF+) [demonic ancestry]
   274 | D:1      | Reached XP level 2. HP: 19/22 MP: 5/5
   868 | D:2      | Learned a level 2 spell: Song of Slaying
   871 | D:2      | Learned a level 2 spell: Shroud of Golubria
  1051 | D:2      | Reached XP level 3. HP: 25/28 MP: 1/6
  1347 | D:2      | Reached skill level 2 in Armour
  1956 | D:3      | Gained mutation: You have a pair of small horns on your head. [demonic ancestry]
  1956 | D:3      | Reached XP level 4. HP: 34/34 MP: 7/7
  2031 | D:3      | Noticed a bullfrog
  2048 | D:3      | Killed a bullfrog
  2048 | D:3      | Gained mutation: You are immune to clouds of flame. [demonic ancestry]
  2048 | D:3      | Reached XP level 5. HP: 22/40 MP: 2/8
  2541 | D:4      | Noticed Ivernyr's ghost (amateur DsSk)
  2766 | D:4      | Noticed Duvessa
  2775 | D:4      | Noticed Dowan
  2781 | D:4      | Reached skill level 3 in Armour
  3247 | D:4      | Noticed Robin
  3293 | D:4      | Killed Robin
  3543 | D:4      | Got a pair of brightly glowing gloves
  3549 | D:4      | Identified the +0 pair of gloves "Fereperi" {rC- rCorr Stlth+} (You found it on level 4 of the Dungeon)
  4376 | D:4      | Found an opulent altar of Gozag.
  4439 | D:4      | Noticed Natasha
  4452 | D:4      | Killed Natasha
  4452 | D:4      | Reached XP level 6. HP: 14/47 MP: 5/9
  4834 | D:4      | Killed Duvessa
  4846 | D:4      | Killed Dowan
  4846 | D:4      | Reached skill level 4 in Armour
  5147 | D:4      | Noticed Sigmund
  5343 | D:3      | Noticed Ge0ff's ghost (amateur GrNe)
  5462 | D:4      | Gained mutation: You are partially covered in icy blue scales. (AC +2) [demonic ancestry]
  5462 | D:4      | Reached XP level 7. HP: 53/53 MP: 8/10
  5554 | D:4      | Noticed Natasha
  5861 | D:4      | Killed Natasha
  5882 | D:4      | Noticed Natasha
  6484 | D:3      | Killed Natasha
  6696 | D:5      | Entered Level 5 of the Dungeon
  6936 | D:5      | Found a staircase to the Ecumenical Temple.
  6955 | Temple   | Entered the Ecumenical Temple
  7231 | Temple   | Became a worshipper of Nemelex Xobeh the Trickster
  7332 | D:5      | Received a gift from Nemelex Xobeh
  7393 | D:4      | Killed Ivernyr's ghost
  7393 | D:4      | Reached skill level 1 in Invocations
  7502 | D:4      | Killed Sigmund
  7502 | D:4      | Reached skill level 5 in Armour
  7659 | D:3      | Killed Ge0ff's ghost
  7659 | D:3      | Reached XP level 8. HP: 28/61 MP: 9/11
  8302 | D:5      | HP: 3/61 [chaos spawn[the player character] (3)]
  8305 | D:5      | HP: 1/61 [poisoned by a worker ant]
  9359 | D:6      | Reached skill level 5 in Fighting
  9359 | D:6      | Reached skill level 6 in Armour
  9359 | D:6      | Reached skill level 5 in Charms
  9621 | D:6      | Noticed Edmund
 10222 | D:6      | Found an ancient bone altar of Kikubaaqudgha.
 10535 | D:6      | Killed Edmund
 10535 | D:6      | Reached XP level 9. HP: 33/68 MP: 12/12
 10740 | D:6      | Reached skill level 5 in Invocations
 10783 | D:6      | Reached skill level 7 in Armour
 11199 | D:6      | Found a shadowy altar of Dithmenos.
 11205 | D:6      | Found a glowing golden altar of the Shining One.
 11206 | D:6      | Found a hide-covered altar of Uskayaw.
 11364 | D:7      | Reached * piety under Nemelex Xobeh
 11388 | D:7      | Found Vaozyck's General Store.
 11399 | D:7      | Found a blossoming altar of Fedhas.
 11656 | D:7      | Found a sand-covered staircase.
 11663 | Ossuary  | Entered an ossuary
 12370 | D:7      | Received a gift from Nemelex Xobeh
 12384 | D:7      | Found a stormy altar of Qazlal.
 12810 | D:7      | Found a shattered altar of Ashenzari.
 12832 | D:7      | Reached skill level 8 in Armour
 13540 | D:8      | Noticed a troll
 13549 | D:8      | Killed a troll
 13751 | D:8      | Noticed a two-headed ogre
 13759 | D:8      | Killed a two-headed ogre
 13759 | D:8      | Gained mutation: You are slightly more attuned to the shadows. [demonic ancestry]
 13759 | D:8      | Reached XP level 10. HP: 60/77 MP: 10/15
 13760 | D:8      | Quit the game

Skill      XL: |  1  2  3  4  5  6  7  8  9 |
---------------+----------------------------+-----
Armour         | 1 2 3 4 5 6 8 |  8.4
Long Blades    | 2 3 |  3.6
Charms         | 3 4 5 6 |  6.4
Fighting       | 3 4 5 6 |  6.7
Invocations    | 2 4 6 |  6.9
Dodging        | |  1.7
Spellcasting   | |  2.0

Action                   |  1- 3 |  4- 6 |  7- 9 | 10-12 || total
-------------------------+-------+-------+-------+-------++-------
Melee: Falchion          |    94 |   183 |   846 |       ||  1123
       Headbutt          |       |    40 |   186 |       ||   226
 Cast: Shroud of Golubri |     3 |    23 |    77 |       ||   103
       Song of Slaying   |       |     6 |    12 |       ||    18
Evoke: Deck              |       |       |    13 |       ||    13
  Use: Potion            |       |     3 |     1 |       ||     4
       Scroll            |       |       |     9 |       ||     9
 Stab: Sleeping          |     1 |       |     1 |       ||     2
       Distracted        |       |       |     1 |       ||     1
  Eat: Chunk             |     3 |     7 |    14 |       ||    24
       Ration            |       |     2 |     6 |       ||     8
Armor: Leather armour    |    37 |    40 |    87 |       ||   164
       Robe              |       |     2 |    74 |       ||    76
Dodge: Dodged            |    82 |   118 |   598 |       ||   798
       Rpst.: Falchion   |    22 |    43 |   189 |       ||   254
